 Dungeon Crawl Stone Soup version 0.29.1-13-g9f3cf754e1 (webtiles) character file.

Game seed: 1378399282216354618

1077 LSt the Cleaver (level 8, -5/68 (73) HPs)
             Began as a Minotaur Fighter on Jan 25, 2023.
             Slain by a wight
             ... wielding a +4 halberd
              (10 damage)
             ... on level 7 of the Dungeon.
             The game lasted 00:25:09 (5739 turns).

LSt the Cleaver (Minotaur Fighter)                  Turns: 5739, Time: 00:25:09

HP:   -5/68 (73)    AC: 13    Str: 22    XL:     8   Next: 8%
MP:   7/7           EV: 10    Int:  5    God:
Gold: 374           SH:  0    Dex: 11    Spells: 7/7 levels left

rFire   . . .      SeeInvis .   R - +3 executioner's axe (flame)
rCold   . . .      Faith    .   (shield currently unavailable)
rNeg    . . .      Spirit   .   o - +3 ring mail
rPois   .          Reflect  .   (helmet restricted)
rElec   .          Harm     .   L - +2 cloak
rCorr   .          Rampage  .   (no gloves)
Will    .....                   j - +0 pair of boots
Stlth   +.........              (no amulet)
HPRegen 0.21/turn               (no ring)
MPRegen 0.10/turn               (no ring)

@: drained
A: horns 2, retaliatory headbutt
a: no special abilities


You were on level 7 of the Dungeon.
You visited 1 branch of the dungeon, and saw 7 of its levels.

You collected 374 gold pieces.

Inventory:

Hand Weapons
 a - a +0 war axe
 q - a +0 morningstar
 B - a +2 spectral club
 D - the +7 Throatcutter {drain, coup de grace}
   (You found it on level 3 of the Dungeon)

   A truly terrible weapon, it drains the life of any living foe it strikes.
   It may instantly kill foes which have little health.
 I - a +0 spear
 J - a +0 sling
 O - the +2 mace of Awahec {freeze, +Blink rElec rN+ Str-3}
   (You found it on level 5 of the Dungeon)

   It freezes those it strikes, dealing additional cold damage.
   It can also slow down cold-blooded creatures.
   Str:       It affects your strength (-3).
   rElec:     It insulates you from electricity.
   rN:        It protects you from negative energy.
   +Blink:    It lets you blink.
 R - a +3 executioner's axe of flaming (weapon)
Missiles
 e - 37 stones (quivered)
 s - 6 poisoned darts
 T - a throwing net
 V - 3 boomerangs
Armour
 b - a +0 scale mail
 c - a +0 buckler
 j - a +0 pair of boots (worn)
 o - a +3 ring mail (worn)
 G - a +0 chain mail
 L - a +2 cloak (worn)
 U - a +0 plate armour
Magical Staves
 h - a staff of air
 z - a staff of fire
Wands
 w - a wand of flame (39)
 A - a wand of roots (6)
 W - a wand of mindburst (6)
 X - a wand of digging (7)
Scrolls
 f - a scroll of poison
 i - a scroll of silence
 k - a scroll of immolation {unknown}
 l - a scroll of noise
 m - a scroll of enchant weapon {unknown}
 n - a scroll of amnesia
 p - a scroll of magic mapping {unknown}
 u - a scroll of butterflies
 y - a scroll of blinking {unknown}
 F - a scroll of enchant armour {unknown}
 N - a scroll of teleportation {unknown}
 Q - 2 scrolls of acquirement
Potions
 d - 4 potions of might
 g - a potion of ambrosia
 r - 2 potions of flight
 t - a potion of haste
 v - a potion of heal wounds
 x - a potion of invisibility
 C - 3 potions of mutation
 E - 3 potions of lignification
 H - a potion of magic {unknown}
 K - 4 potions of curing
 M - a potion of berserk rage {unknown}
 P - a potion of resistance {unknown}
 S - a potion of attraction {unknown}


   Skills:
 * Level 7.1 Fighting
 + Level 9.3 Axes
 - Level 3.6 Armour
 - Level 3.6 Shields
 - Level 2.0 Evocations


You had 7 spell levels left.
You didn't know any spells.
Your spell library contained the following spells:

 Spells                   Type           Power      Damage    Failure   Level
 Magic Dart               Conj           0%         1d3       63%         1
 Call Imp                 Summ           0%         N/A       77%         2
 Gell's Gravitas          Tloc           0%         N/A       94%         3
 Lesser Beckoning         Tloc           0%         N/A       94%         3
 Mephitic Cloud           Conj/Pois/Air  0%         N/A       94%         3
 Teleport Other           Tloc           0%         N/A       94%         3


Dungeon Overview and Level Annotations

Branches:
Dungeon (7/15)             Temple (0/1) D:7

Altars:
Makhleb
Xom

Shops:
D:4 (

Annotations:
D:4 1 runed translucent door, Crazy Yiuf
D:6 3 runed translucent doors, Rider's ghost, novice FoDe; enclume's ghost, novice GrEE; jaiteiro's ghost, novice MiFi


Innate Abilities, Weirdness & Mutations

You have a pair of horns on your head.
You reflexively headbutt those who attack you in melee.


Message History

A staircase to the Ecumenical Temple.
The wight hits you with a +4 halberd!
You closely miss the wight. The wight hits you with a +4 halberd!
The wight closely misses you. You furiously retaliate!
You headbutt the wight, but do no damage.
You completely miss the wight. You hit the wight but do no damage.
The wight barely misses you. The wight hits you with a +0 mace.
You closely miss the wight.
You headbutt the wight, but do no damage.
You barely miss the wight. The wight misses you.
The wight hits you but does no damage. The wight closely misses you.
You furiously retaliate!
You headbutt the wight, but do no damage.
The wight hits you with a +0 mace.
You closely miss the wight. x2; The wight closely misses you.
The wight hits you with a +0 mace.
You feel drained.
Unknown command.
You hit the wight. You burn the wight.
The wight is moderately damaged.
You slash the wight! You burn the wight.
You destroy the wight!
The wight hits you with a +4 halberd!
You feel drained. The wight hits you with a +4 halberd!
* * * LOW HITPOINT WARNING * * *
You feel drained.
* * * LOW HITPOINT WARNING * * *
The wight hits you with a +6 dagger.
* * * LOW HITPOINT WARNING * * *
You feel drained.
* * * LOW HITPOINT WARNING * * *
Press: ? - help, v - describe, . - travel, g - get item
Here: a wight, wielding a +6 dagger and wearing a +0 robe
Items here: a +0 mace; a +0 robe.
The floor, spattered with blood.
Okay, then.
You closely miss the wight.
The wight is moderately damaged.
You barely miss the wight. The wight hits you but does no damage.
The wight hits you with a +4 halberd!
You die...

##...##
#≈.≈..############
####≈.≈#.#.....#....###
....≈.≈................
####≈≈≈###.#.#.#..#.#.#
#..####.#...#..#<#.#
##................#.#
##............##.#.#..
#...z@........#..#.#..
#..#.z####.#.#.#.<#.#.#
#...#.......#.#.#..#....
#.. #.#...###.# #.####.#
.. ##.z..# .# #......# .
..z#..# #.....##
...#..... #..... .z.#
###... ###... .... ....
....


You could see 2 wights.

Vanquished Creatures
  A water moccasin (D:5)
  An ogre (D:6)
  A centaur (D:6)
  2 scorpions (D:6)
  A necrophage (D:6)
  A wight (D:7)
  A crimson imp (D:5)
  An orc priest (D:6)
  A hound (D:5)
  Natasha (thrice) (D:4)
  Terence (D:3)
  3 iguanas
  2 orc wizards
  Ijyb (D:3)
  3 gnolls (D:5)
  10 adders
  A shadow imp (D:7)
  A white imp (D:6)
  2 dart slugs (D:3)
  22 orcs
  6 endoplasms
  2 giant cockroaches
  6 goblins
  8 hobgoblins
  11 kobolds
  A quokka (D:5)
  4 ball pythons
  7 bats
  2 frilled lizards (D:2)
  6 rats
112 creatures vanquished.

Vanquished Creatures (others)
  12 fungi (D:2)
12 creatures vanquished.

Grand Total: 124 creatures vanquished

Notes
Turn   | Place    | Note
-------+----------+-------------------------------------------
     0 | D:1      | LSt the Minotaur Fighter began the quest for the Orb.
     0 | D:1      | Reached XP level 1. HP: 19/19 MP: 0/0
   200 | D:1      | Reached skill level 3 in Axes
   319 | D:1      | Reached XP level 2. HP: 26/26 MP: 1/1
   979 | D:2      | Reached skill level 4 in Axes
  1086 | D:2      | Reached XP level 3. HP: 31/31 MP: 2/2
  1826 | D:3      | Reached skill level 5 in Axes
  1826 | D:3      | Reached XP level 4. HP: 15/40 MP: 3/3
  2082 | D:3      | Noticed Terence
  2095 | D:3      | Killed Terence
  2428 | D:3      | Noticed Ijyb
  2437 | D:3      | Killed Ijyb
  2438 | D:3      | Reached XP level 5. HP: 28/47 MP: 4/4
  2927 | D:3      | Found the +7 Throatcutter {drain, coup de grace}
  3101 | D:4      | Reached skill level 6 in Axes
  3161 | D:4      | Noticed Natasha
  3205 | D:4      | Killed Natasha
  3206 | D:4      | Reached skill level 5 in Fighting
  3367 | D:4      | Noticed Natasha
  3407 | D:4      | Killed Natasha
  3408 | D:4      | Reached XP level 6. HP: 17/56 MP: 5/5
  3689 | D:4      | Noticed Natasha
  3698 | D:4      | Killed Natasha
  3761 | D:4      | Found a runed translucent door.
  3762 | D:4      | Noticed Crazy Yiuf
  3896 | D:4      | Found Muulew's Antique Weapon Boutique.
  4090 | D:5      | Entered Level 5 of the Dungeon
  4102 | D:5      | Noticed a water moccasin
  4112 | D:5      | Killed a water moccasin
  4113 | D:5      | Reached skill level 7 in Axes
  4399 | D:5      | Found a burning altar of Makhleb.
  4400 | D:5      | Found a shimmering altar of Xom.
  4438 | D:5      | You fall into a shaft and drop 1 floor!
  4447 | D:6      | Reached skill level 1 in Evocations
  4447 | D:6      | Reached XP level 7. HP: 53/62 MP: 6/6
  4554 | D:5      | Reached skill level 8 in Axes
  4587 | D:5      | Identified the +2 mace of Awahec {freeze, +Blink rElec rN+
                  | Str-3}
  4876 | D:6      | Identified 3 scrolls of acquirement
  4876 | D:6      | Acquired a +3 executioner's axe of flaming
  4993 | D:6      | Found a runed translucent gate.
  4993 | D:6      | Found a runed translucent gate.
  4993 | D:6      | Found a runed translucent gate.
  4994 | D:6      | Noticed Rider's ghost (novice FoDe)
  4994 | D:6      | Noticed jaiteiro's ghost (novice MiFi)
  4995 | D:6      | Noticed enclume's ghost (novice GrEE)
  5351 | D:6      | Reached skill level 9 in Axes
  5661 | D:7      | Reached XP level 8. HP: 71/71 MP: 7/7
  5728 | D:7      | Found a staircase to the Ecumenical Temple.
  5739 | D:7      | Slain by a wight

Illustrated notes

Levels and vault maps discovered:
D:1:      dpeg_arrival_simpleton_a, layout_basic, minivault_5
D:2:      layout_loops_ring, dreamdust_mushroom_princess
D:3:      layout_loops_ring, dilly_guarded_unrand_throatcut, uniq_ijyb,
          uniq_terence
D:4:      layout_rooms, serial_shops, shop, uniq_natasha,
          uniq_crazy_yiuf_cottage
D:5:      layout_cave_pools, grunt_temple_overflow_champion_of_chaos
D:6:      layout_loops_cross, gammafunk_ghost_cemetery, bh_walls_and_bars
D:7:      layout_basic, minmay_temple_entry_arrows, serial_shops,
          nicolae_lakefront_shop, chequers_serial_rivers_micro_d

Skill      XL: |  1  2  3  4  5  6  7  8 |
---------------+-------------------------+-----
Axes           | 3 4 5 6 7 9 |  9.3
Fighting       | 4 5 6 7 |  7.1
Evocations     | 1 2 |  2.0
Armour         | |  3.6
Shields        | |  3.6

Action                   |  1- 3 |  4- 6 |  7- 9 || total
-------------------------+-------+-------+-------++-------
Melee: War axe           |    97 |   147 |    13 ||   257
       Headbutt          |     9 |    19 |    10 ||    38
       Executioner's axe |       |       |    34 ||    34
Throw: Stone             |     1 |     2 |     1 ||     4
Evoke: Wand              |       |     3 |       ||     3
  Use: Scroll            |     3 |     5 |     6 ||    14
Armor: Scale mail        |    20 |       |       ||    20
       Ring mail         |    29 |    51 |    16 ||    96
Dodge: Dodged            |    53 |    59 |    22 ||   134
Block: Buckler           |    23 |    24 |       ||    47
